AoeStats
← 太阳当空照

Arena

509116511Analyzed
4v4 RM · 8d ago on Sep 25, 2026· 90m 28s· 8 players
Game mode
Random Map
Map size
Large (8 player)
Population
200
Speed
Normal
Resources
Standard
Victory
Conquest
Starting age
Dark Age
Ending age
Imperial Age
RankedLock teamsTeams togetherTeam positionsShared explorationLock speedFull tech treeHidden civsTurbo modeCheats
Victory
Defeat
🇧🇦 Varangians · Bosnia & Herzegovina
1229
+16
🇯🇵 Japanese · Japan
1192
+17
🇨🇳 Burmese · China
1185
+18
🇲🇴 Danes · Macao SAR China
1167
+18
🇨🇳 Spanish · China
1260
-19
🇨🇳 Huns · China
1248
-18
🇨🇳 Franks · China
1247
-18
🇨🇳 Persians · China
1140
-14
河北彩花
0:44 Loom
9:38 Feudal Age
14:37 Castle Age
13:26 Double-Bit Axe
14:21 Stone Mining
17:03 Horse Collar
18:51 Gold Mining
25:20 Wheelbarrow
26:20 Bow Saw
28:23 Heavy Plow
33:01 Imperial Age
30:33 Town Watch
30:42 Gambesons
32:37 Scale Mail Armor
33:39 Gold Shaft Mining
34:08 Conscription
34:24 Chain Mail Armor
34:21 Elite Jomsviking
35:31 Arson
36:19 Plate Mail Armor
36:55 Forging
36:23 Hamask
38:06 Squires
38:44 Iron Casting
38:31 Fletching
39:25 Stone Shaft Mining
40:00 Hoardings
41:24 Hand Cart
45:26 Blast Furnace
46:45 Bodkin Arrow
46:59 Siege Engineers
47:59 Chemistry
47:21 Ballistics
54:10 Bracer
54:13 Padded Archer Armor
54:27 Masonry
53:46 Northmen's Fury
55:11 Murder Holes
55:02 Arrowslits
55:38 Heavy Scorpion
55:43 Onager
57:30 Town Patrol
58:35 Caravan
59:06 Coinage
60:34 Scale Barding Armor
60:45 Leather Archer Armor
67:04 Capped Ram
71:54 Guard Tower
83:08 Keep
83:10 Banking
83:13 Ring Archer Armor
83:04 Chain Barding Armor
86:48 Siege Ram
87:09 Elite Varangian Guard
勇敢牛牛
11:56 Feudal Age
15:43 Castle Age
13:26 Horse Collar
17:33 Wheelbarrow
21:59 Heavy Plow
23:37 Hand Cart
28:42 Imperial Age
26:16 Loom
26:17 Town Watch
26:45 Forging
26:41 Scale Barding Armor
28:06 Iron Casting
29:11 Chain Barding Armor
29:10 Bloodlines
29:03 Husbandry
29:45 Conscription
29:26 Howdah
28:52 Elite Battle Elephant
31:07 Plate Barding Armor
31:32 Blast Furnace
30:31 Gold Mining
30:31 Stone Mining
32:25 Crop Rotation
33:59 Gold Shaft Mining
39:42 Fletching
40:17 Bodkin Arrow
41:21 Murder Holes
41:46 Ballistics
42:27 Chemistry
41:52 Ballistics
41:39 Siege Engineers
41:45 Masonry
41:59 Bracer
47:44 Padded Archer Armor
48:18 Architecture
47:28 Treadmill Crane
48:55 Fortified Wall
51:08 Heated Shot
60:52 Light Cavalry
64:17 Hussar
65:29 Manipur Cavalry
71:26 Town Patrol
Bihorco
4:31 Loom
12:21 Feudal Age
12:59 Horse Collar
13:05 Double-Bit Axe
18:32 Castle Age
17:05 Stone Mining
17:15 Gold Mining
18:31 Forging
18:23 Scale Mail Armor
19:38 Heavy Plow
19:51 Bow Saw
23:04 Gambesons
23:05 Arson
23:20 Squires
24:28 Wheelbarrow
23:39 Town Watch
27:28 Ballistics
26:49 Treadmill Crane
33:39 Fletching
36:13 Iron Casting
35:44 Scale Barding Armor
36:10 Bloodlines
36:02 Husbandry
37:19 Bodkin Arrow
37:24 Padded Archer Armor
38:22 Stone Shaft Mining
38:40 Chain Barding Armor
41:43 Imperial Age
39:49 Hand Cart
40:35 Chain Mail Armor
40:35 Leather Archer Armor
42:01 Elite Varangian Guard
45:36 Chemistry
44:48 Masonry
44:33 Murder Holes
44:49 Fortified Wall
49:20 Crop Rotation
only vills
10:19 Feudal Age
11:29 Loom
14:34 Castle Age
14:03 Fletching
15:24 Bodkin Arrow
17:26 Guard Tower
646257513
10:36 Feudal Age
16:31 Castle Age
14:41 Double-Bit Axe
14:56 Horse Collar
15:14 Town Watch
15:16 Loom
16:43 Gold Mining
16:43 Stone Mining
21:07 Fletching
21:18 Padded Archer Armor
24:40 Bow Saw
29:42 Imperial Age
28:01 Bodkin Arrow
29:26 Wheelbarrow
30:04 Pikeman
30:30 Arson
31:17 Hand Cart
31:03 Town Patrol
31:32 Forging
31:22 Scale Mail Armor
32:01 Conscription
32:37 Halberdier
42:42 Squires
73:33 Coinage
75:53 Banking
78:08 Capped Ram
88:08 Chain Mail Armor
小虾米
10:44 Feudal Age
14:43 Castle Age
13:06 Double-Bit Axe
13:45 Horse Collar
16:28 Bow Saw
16:53 Loom
23:32 Town Watch
30:16 Wheelbarrow
32:47 Hand Cart
35:03 Imperial Age
33:45 Town Patrol
35:30 Padded Archer Armor
35:11 Elite Conquistador
36:12 Conscription
37:02 Chemistry
37:12 Leather Archer Armor
36:37 Sappers
38:35 Bloodlines
38:25 Husbandry
39:02 Ring Archer Armor
39:55 Two-Man Saw
55:10 Hoardings
54:34 Murder Holes
55:01 Ballistics
54:52 Masonry
55:37 Fletching
56:25 Fortified Wall
63:16 Bodkin Arrow
63:33 Forging
63:29 Scale Barding Armor
65:19 Cavalier
66:20 Chain Barding Armor
66:36 Iron Casting
72:25 Light Cavalry
74:09 Blast Furnace
73:45 Plate Barding Armor
75:26 Caravan
82:35 Hussar
太阳当空照
10:35 Feudal Age
15:00 Castle Age
14:28 Double-Bit Axe
16:19 Bow Saw
21:51 Wheelbarrow
21:01 Loom
23:13 Hand Cart
24:45 Gold Mining
30:48 Imperial Age
29:32 Forging
29:27 Scale Barding Armor
30:08 Gold Shaft Mining
29:56 Husbandry
30:52 Iron Casting
30:37 Chain Barding Armor
30:53 Cavalier
32:03 Paladin
33:46 Blast Furnace
33:21 Plate Barding Armor
32:54 Capped Ram
36:36 Arson
36:52 Squires
36:13 Pikeman
37:00 Pikeman
37:47 Halberdier
39:22 Scale Mail Armor
41:31 Chain Mail Armor
44:45 Plate Mail Armor
71:57 Light Cavalry
10001
3:59 Loom
11:00 Feudal Age
16:34 Castle Age
14:57 Double-Bit Axe
16:28 Horse Collar
17:29 Gold Mining
23:34 Bow Saw
27:07 Wheelbarrow
30:08 Gold Shaft Mining
30:14 Hand Cart
33:37 Imperial Age
31:25 Husbandry
31:36 Bloodlines
31:40 Scale Barding Armor
31:40 Scale Mail Armor
32:11 Ballistics
32:14 Forging
32:21 Town Watch
33:04 Chain Barding Armor
32:35 Fletching
32:42 Murder Holes
32:58 Masonry
33:47 Iron Casting
33:17 Cavalier
34:37 Plate Barding Armor
34:12 Stone Mining
34:30 Heavy Plow
34:41 Savar
35:48 Town Patrol
38:10 Blast Furnace
37:08 Bodkin Arrow
37:40 Conscription
38:07 Chain Mail Armor
38:58 Hoardings
39:30 Chemistry
40:11 Architecture
39:36 Capped Ram
41:29 Siege Ram
43:48 Stone Shaft Mining
46:29 Squires
45:49 Pikeman
46:14 Arson
48:03 Citadels
47:27 Light Cavalry
48:58 Halberdier
50:21 Gambesons
49:59 Man-at-Arms
51:45 Crop Rotation
59:31 Plate Mail Armor
62:03 Two-Man Saw
65:23 Hoardings
65:42 Thumb Ring
65:58 Padded Archer Armor
65:29 Crossbowman
66:37 Kamandaran
67:11 Leather Archer Armor
Connection lost

Rejoining the realm…

Still unreachable

The connection could not be restored.

Session expired

The server has moved on; the page needs a fresh start.